 Dungeon Crawl Stone Soup version 0.28-a0-1412-gf95308ed99 (webtiles) character file.

Game seed: 10283615867788538256

5614 siradein the Ducker (level 11, -10/78 HPs)
             Began as a Djinni Gladiator on Jan 7, 2022.
             Was a Believer of Makhleb.
             Mangled by a spriggan (13 damage)
             ... in a bailey.
             The game lasted 00:32:53 (10516 turns).

siradein the Ducker (Djinni Gladiator)             Turns: 10516, Time: 00:32:55

Health: -10/78     AC: 11    Str: 17    XL:     11   Next: 3%
Gold:   375        EV: 15    Int: 10    God:    Makhleb [**....] SH:  5 Dex: 15

rFire   + + .      SeeInvis .   w - +0 scimitar
rCold   . . .      Faith    .   (no shield)
rNeg    . . .      Spirit   .   l - +3 troll leather armour {Pargi}
rPois   ∞          Reflect  +   c - +0 helmet
rElec   .          Harm     .   (no cloak)
rCorr   .          Rampage  .   r - +1 pair of gloves
Will    +....                   (boots unavailable)
Stlth   +.........              y - amulet of reflection
HPRegen 1.03/turn               g - ring of protection from cold
MPRegen 0.00/turn               (no ring)

@: flying
A: sickness immunity, fire resistance 2, cold vulnerability 1, float, innate
caster, hp casting, extra vitality 1
a: Renounce Religion, Minor Destruction


You were in a bailey.
You worshipped Makhleb.
Makhleb was pleased with you.
You visited 1 branch of the dungeon, and saw 8 of its levels.
You also visited: Bailey.

You collected 560 gold pieces.
You spent 185 gold pieces at shops.

Inventory:

Hand Weapons
 w - a +0 scimitar (weapon)
Missiles
 d - 5 throwing nets
 k - 53 poisoned darts
 u - a curare-tipped dart
Armour
 c - a +0 helmet (worn)
 l - a +3 troll leather armour (worn) {Pargi}
 r - a +1 pair of gloves (worn)
Jewellery
 g - a ring of protection from cold (left hand)
 x - a ring of ice
 y - an amulet of reflection (around neck)
Wands
 i - a wand of polymorph (2)
Scrolls
 a - a scroll of blinking
 e - 3 scrolls of vulnerability
 f - a scroll of fear
 j - a scroll of acquirement {unknown}
 m - 3 scrolls of teleportation {unknown}
 o - 2 scrolls of fog {unknown}
 q - a scroll of brand weapon {unknown}
 s - a scroll of holy word {unknown}
 t - 2 scrolls of enchant weapon {unknown}
Potions
 h - a potion of invisibility
 n - 2 potions of attraction
 p - 2 potions of curing
 v - a potion of lignification {unknown}


   Skills:
 + Level 6.7 Fighting
 + Level 6.3 Long Blades
 + Level 5.5 Throwing
 + Level 6.3 Armour
 + Level 7.7 Dodging
 + Level 4.6 Spellcasting
 + Level 1.1 Invocations
 + Level 0.9 Evocations


You had 4 spell levels left.
You knew the following spells:

 Your Spells              Type           Power      Damage    Failure   Level
a - Magic Dart            Conj           44%        1d5       4%          1
b - Ensorcelled Hibernat  Hex/Ice        22%        N/A       6%          2
c - Portal Projectile     Hex/Tloc       22%        N/A       13%         3
d - Fulminant Prism       Conj/Hex       5%         3d7       38%         4
e - Yara's Violent Unrav  Hex/Tmut       5%         3d4       75%         5
Your spell library was empty.

Dungeon Overview and Level Annotations

Branches:
Dungeon (8/15)             Temple (0/1) D:7          Bailey (1/1)
   Lair: D:8-11

Altars:
Kikubaaqudgha
Makhleb
Xom
Beogh

Shops:
D:1 ![(   D:5 ?   D:6 (   D:8 *

Annotations:
D:3 3 runed translucent doors, Crabhammer's ghost, amateur NaWr


Innate Abilities, Weirdness & Mutations

You are immune to sickness and miasma.
You are immune to poison.
Your flesh is very heat resistant. (rF++)
You are vulnerable to cold. (rC-)
You float through the air rather than walking.
You learn spells naturally, not from books.
Your magical power is your life essence.
You have superior vitality. (+4 MHP)


Message History

The spriggan is heavily wounded.
The spriggan splashes around in the water.
The spriggan closely misses you.
The spriggan splashes around in the water.
You barely miss the spriggan.
The spriggan is heavily wounded.
The spriggan closely misses you. You block the spriggan's attack.
The spriggan drinks a potion.
The spriggan is healed!
You slice the spriggan!!
The spriggan is severely wounded.
The spriggan splashes around in the water.
You block the spriggan's attack. x2
You closely miss the spriggan.
The spriggan is severely wounded.
The spriggan drinks a potion.
The spriggan is healed!
The spriggan hits you but does no damage.
You miss the spriggan. The spriggan misses you.
You block the spriggan's attack.
The spriggan hits you with the +7 captain's cutlass {speed, disarm}!
* * * LOW HITPOINT WARNING * * *
You feel much better.
The spriggan splashes around in the water.
The spriggan hits you from afar with a +0 spear!
* * * LOW HITPOINT WARNING * * *
You miss the spriggan. You block the spriggan's attack.
The spriggan completely misses you.
The spriggan hits you with the +7 captain's cutlass {speed, disarm}.
* * * LOW HITPOINT WARNING * * *
You slash the spriggan!
The spriggan is moderately wounded.
The spriggan splashes around in the water.
The spriggan hits you from afar with a +0 spear!
* * * LOW HITPOINT WARNING * * *
You barely miss the spriggan.
The spriggan is moderately wounded.
You block the spriggan's attack.
The spriggan hits you from afar with a +0 spear!
* * * LOW HITPOINT WARNING * * *
The spriggan hits you with the +7 captain's cutlass {speed, disarm}!
You die...

#######
###.....###
##.........##
##...........##
#....∩...∩....#
##...........##
##.........##
###))≈@)###
#≈≈≈≈i#
##≈≈≈i≈##
##.......##
##.........##
##..###♣###..##
##..## #♣..##
##..#♣ ##..##
#..## ##..#


You could see 2 spriggans.

Vanquished Creatures
  Joseph (D:8)
  Maggie (D:6)
  7 yaks
  A steam dragon (D:6)
  A water moccasin (D:7)
  Pargi (D:3)
  2 orc warriors (D:6)
  2 ice beasts
  2 sky beasts
  2 necrophages
  9 ogres
  A centaur (D:6)
  2 phantoms
  2 kobold brigands (D:6)
  4 bullfrogs
  2 gnoll sergeants (D:6)
  2 water moccasin zombies
  2 scorpions (D:5)
  2 wyvern skeletons
  A howler monkey (D:6)
  A bullfrog zombie (D:6)
  3 orc priests
  A centaur zombie (D:4)
  11 hounds
  A gnoll shaman (D:6)
  A jelly (D:4)
  A centaur skeleton (D:7)
  Ijyb (D:5)
  3 iguanas
  3 orc wizards
  A killer bee zombie (D:5)
  A hound skeleton (D:4)
  9 gnolls
  6 adders
  A howler monkey skeleton (D:7)
  2 worms
  5 dart slugs
  10 orcs
  8 endoplasms
  9 giant cockroaches
  4 goblins
  17 hobgoblins
  28 kobolds
  5 quokkas
  7 bats
  4 rats
190 creatures vanquished.

Vanquished Creatures (others)
  16 plants (D:6)
16 creatures vanquished.

Grand Total: 206 creatures vanquished

Notes
Turn   | Place    | Note
-------+----------+-------------------------------------------
     0 | D:1      | siradein the Djinni Gladiator began the quest for the Orb.
     0 | D:1      | Reached XP level 1. HP: 18/18 MP: 0/0
   116 | D:1      | Found Yvear's Antique Armour Shoppe.
   274 | D:1      | Reached XP level 2. HP: 22/23 MP: 0/0
   521 | D:1      | Found Ynei's Distillery.
   620 | D:1      | Reached XP level 3. HP: 28/28 MP: 0/0
   620 | D:1      | Learned a level 1 spell: Magic Dart
   676 | D:1      | Bought a potion of degeneration for 13 gold pieces
  1047 | D:1      | Found Cialon's Weapon Boutique.
  1185 | D:1      | Reached skill level 1 in Armour
  1362 | D:2      | Reached XP level 4. HP: 32/34 MP: 0/0
  1393 | D:2      | Found a faded altar of an unknown god.
  1438 | D:2      | Found a shimmering altar of Xom.
  2284 | D:2      | Reached skill level 4 in Dodging
  2284 | D:2      | Reached skill level 1 in Spellcasting
  2284 | D:2      | Reached XP level 5. HP: 27/40 MP: 0/0
  2284 | D:2      | Learned a level 2 spell: Ensorcelled Hibernation
  2492 | D:3      | Found a runed translucent gate.
  2493 | D:3      | Found a runed translucent gate.
  2495 | D:3      | Found a runed translucent gate.
  2496 | D:3      | Noticed Crabhammer's ghost (amateur NaWr)
  2949 | D:3      | Reached XP level 6. HP: 3/46 MP: 0/0
  3364 | D:3      | Noticed a necrophage
  3388 | D:3      | Killed a necrophage
  3868 | D:3      | Noticed Pargi
  4152 | D:3      | Killed Pargi
  4153 | D:3      | Reached XP level 7. HP: 27/50 MP: 0/0
  4153 | D:3      | Learned a level 3 spell: Portal Projectile
  5130 | D:4      | You are sucked into a shaft and drop 1 floor!
  5130 | D:5      | Entered Level 5 of the Dungeon
  5626 | D:3      | Reached XP level 8. HP: 43/58 MP: 0/0
  5677 | D:3      | Reached skill level 5 in Dodging
  6683 | D:1      | Bought a pair of glowing gloves for 172 gold pieces
  6849 | D:5      | Noticed Ijyb
  6963 | D:5      | Paralysed by Ijyb for 5 turns
  6970 | D:5      | Paralysed by Ijyb for 3 turns
  6980 | D:5      | Paralysed by Ijyb for 4 turns
  6989 | D:5      | Killed Ijyb
  7008 | D:5      | Found Pioxyhus's Magic Scroll Shoppe.
  7489 | D:6      | Noticed a yak
  7489 | D:6      | Noticed a yak
  7490 | D:6      | Noticed a yak
  7492 | D:6      | Noticed a yak
  7509 | D:5      | Reached XP level 9. HP: 55/63 MP: 0/0
  7509 | D:5      | Learned a level 4 spell: Fulminant Prism
  7665 | D:5      | Reached skill level 5 in Fighting
  7665 | D:5      | Reached skill level 6 in Dodging
  7955 | D:5      | Reached skill level 5 in Long Blades
  8103 | D:6      | Found a burning altar of Makhleb.
  8128 | D:6      | Became a worshipper of Makhleb the Destroyer
  8146 | D:6      | Noticed Maggie
  8152 | D:6      | Killed Maggie
  8153 | D:6      | Reached skill level 5 in Armour
  8295 | D:6      | Reached XP level 10. HP: 40/72 MP: 0/0
  8561 | D:6      | Reached * piety under Makhleb
  8685 | D:6      | Reached skill level 7 in Dodging
  8732 | D:6      | Found Tijoos's Weapon Boutique.
  8754 | D:6      | Noticed a phantasmal warrior
  9033 | D:6      | Reached skill level 5 in Throwing
  9693 | D:7      | Reached ** piety under Makhleb
 10083 | D:7      | Found a staircase to the Ecumenical Temple.
 10103 | D:7      | Found a flagged portal.
 10183 | D:8      | Noticed Joseph
 10201 | D:8      | Killed Joseph
 10232 | D:8      | Found Fehezu's Assorted Antiques.
 10268 | Bailey   | Entered a bailey
 10403 | Bailey   | Noticed a two-headed ogre
 10415 | Bailey   | a two-headed ogre changed into a yak
 10426 | Bailey   | Reached XP level 11. HP: 78/78 MP: 0/0
 10426 | Bailey   | Learned a level 5 spell: Yara's Violent Unravelling
 10464 | Bailey   | Reached skill level 1 in Invocations
 10516 | Bailey   | HP: 3/78 [spriggan (8)]
 10516 | Bailey   | Mangled by a spriggan

Illustrated notes

Levels and vault maps discovered:
D:1:      psy_arrival_basics, layout_loops_ring, serial_shops,
          nicolae_shop_window_shopping, nicolae_shop_crystal,
          nicolae_shop_bloodbath_and_beyond
D:2:      layout_loops_ring, shapermc_ecumenical_altar_totnotflames,
          basic_altar, kennysheep_generic_room_12
D:3:      minmay_wonky_spiral, layout_loops_ring, biasface_ghost_orc_armoury,
          minmay_puff, uniq_pargi
D:4:      layout_gridville, minmay_bisected
D:5:      layout_cave_pods, mainiacjoe_overflow_small_starburst,
          minmay_shop_grid_forest, uniq_ijyb
D:6:      kennysheep_housing_project, layout_loops_ring, lemuel_crystal_altar,
          serial_shops, nicolae_shop_trees, uniq_maggie
D:7:      layout_basic, temple_pool_b, enter_bailey_2
D:8:      layout_rooms, mainiacjoe_overflow_big_doors, special_room
          [special_room_orc], serial_shops, nicolae_shop_behind_doors,
          serial_bayou_pond_b, uniq_pikel, uniq_joseph
Bailey:   bailey_polearm_enchanted_keep_hellmonk, bailey

Skill      XL: |  1  2  3  4  5  6  7  8  9 10 11 |
---------------+----------------------------------+-----
Armour         | 1 2 3 4 5 6 |  6.3
Throwing       | 2 3 4 5 |  5.5
Long Blades    | 3 4 5 6 |  6.3
Dodging        | 4 5 6 7 |  7.7
Spellcasting   | 1 2 3 4 |  4.6
Fighting       | 3 4 5 6 |  6.7
Invocations    | 1 |  1.1
Evocations     | |  0.9

Action                   |  1- 3 |  4- 6 |  7- 9 | 10-12 || total
-------------------------+-------+-------+-------+-------++-------
Melee: Long sword        |    70 |   158 |   407 |   192 ||   827
       Punch             |     2 |     3 |    11 |    10 ||    26
       Scimitar          |       |       |       |   293 ||   293
Throw: Dart              |       |     8 |     5 |       ||    13
       Throwing net      |       |     2 |       |       ||     2
 Cast: Magic Dart        |       |     1 |     5 |       ||     6
Evoke: Wand              |       |       |       |     1 ||     1
  Use: Scroll            |       |       |     7 |     7 ||    14
       Potion            |       |       |       |     2 ||     2
 Stab: Distracted        |       |     1 |       |       ||     1
       Held in net/web   |       |     2 |       |       ||     2
       Sleeping          |       |       |       |     1 ||     1
Armor: Leather armour    |    20 |    57 |       |       ||    77
       Troll leather arm |       |       |   119 |   106 ||   225
Dodge: Dodged            |    50 |   128 |   295 |   368 ||   841
Block: Other             |       |       |       |    23 ||    23

Table legend: (Time is in decaauts)
 A = Elapsed time spent in this place.
 B = Non-inter-level travel time spent in this place.
 C = Inter-level travel time spent in this place.
 D = Time resting spent in this place.
 E = Time spent auto-exploring this place.
 F = Levels seen in this place.
 G = Mean time per level.
                   A        B        C        D        E       F      G
               +--------+--------+--------+--------+--------+-----+--------+
         Total |  10713 |  10357 |    356 |    779 |   6092 |   9 | 1190.3 |
       Dungeon |  10460 |  10104 |    356 |    751 |   6023 |   8 | 1307.5 |
        Bailey |    252 |    252 |      0 |     28 |     69 |   1 |  252.0 |
               +--------+--------+--------+--------+--------+-----+--------+

Top non-repeatable levels by time:
     D:3: 2348 daAuts
     D:5: 1835 daAuts
     D:2: 1805 daAuts
     D:6: 1586 daAuts
     D:1: 1210 daAuts
     D:4: 1071 daAuts
     D:7: 535 daAuts
  Bailey: 252 daAuts
     D:8: 66 daAuts
